 Dungeon Crawl Stone Soup version 0.30.1 (webtiles) character file.

Game seed: 15490794872891677691

4833 FallenXxXSky the Basher (level 10, -13/124 HPs)
             Began as a Human Hexslinger on July 7, 2023.
             Was a Priest of Ashenzari.
             Killed from afar by a gargoyle (18 damage)
             ... with a stone arrow
             ... on level 8 of the Dungeon.
             The game lasted 00:18:22 (8111 turns).

FallenXxXSky the Basher (Human Hexslinger)          Turns: 8111, Time: 00:18:23

Health: -13/124    AC: 20    Str: 14    XL:     10   Next: 77%
Magic:  12/12      EV:  6    Int: 13    God:    Ashenzari [***...]
Gold:   582        SH:  0    Dex: 15    Spells: 11/12 levels left

rFire   . . .        L - +3 battleaxe (freeze)
rCold   . . .        (shield currently unavailable)
rNeg    . . .        r - +0 plate armour of the Mantic Disgust {Fort, Melee} (curse)
rPois   .            q - +1 helmet of Ashenzari's Dismay {Comp, Self} (curse)
rElec   .            z - +2 cloak "Restrained Together" {Will+, Cun, Alch} (curse)
rCorr   .            (no gloves)
SInv    +            y - +0 pair of boots "Tethered Fortune-Teller" {Alch, Elem} (curse)
Will    +....        (no amulet) Stlth
                     j - ring "Share My Annoyance" {Fly, Bglg, Comp} (curse)
HPRegen 0.40/turn    (no ring)
MPRegen 0.13/turn

%: clarity
@: berserking, flying, very quick
A: no striking features
a: Renounce Religion, Curse Item, Shatter the Chains


You were on level 8 of the Dungeon.
You worshipped Ashenzari.
Ashenzari was most pleased with you.
You visited 1 branch of the dungeon, and saw 8 of its levels.
You also visited: Sewer.

You collected 582 gold pieces.

Inventory:

Hand Weapons
 a - a +1 sling
 g - a +1 whip of distortion
 i - a +0 dagger
 L - a +3 battleaxe of freezing (weapon)
Armour
 q - the cursed +1 helmet of Ashenzari's Dismay (worn) {Comp, Self}
   (You took it off Robin on level 3 of the Dungeon)

   It has a curse which improves the following skills: Companions: Summonings
   and Necromancy.
   Introspection: Fighting and Spellcasting.
 r - the cursed +0 plate armour of the Mantic Disgust (worn) {Fort, Melee}
   (You found it on level 4 of the Dungeon)

   It has a curse which improves the following skills: Fortitude: Armour and
   Shields.
   Melee Combat: Short Blades, Long Blades, Axes, Maces & Flails, Polearms,
   Staves and Unarmed Combat.
 y - the cursed +0 pair of boots "Tethered Fortune-Teller" (worn) {Alch, Elem}
   (You found it on level 5 of the Dungeon)

   It has a curse which improves the following skills: Alchemy: Poison Magic and
   Transmutations.
   Elements:  Fire Magic, Ice Magic, Air Magic and Earth Magic.
 z - the cursed +2 cloak "Restrained Together" (worn) {Will+, Cun, Alch}
   (You took it off Crazy Yiuf on level 5 of the Dungeon)

   It has a curse which improves the following skills: Cunning: Dodging and
   Stealth.
   Alchemy:   Poison Magic and Transmutations.
Jewellery
 j - the cursed ring "Share My Annoyance" (left hand) {Fly, Bglg, Comp}
   (You found it on level 1 of the Dungeon)

   [ring of flight]

   Fly:       It grants you flight.
   It has a curse which improves the following skills: Beguiling: Conjurations,
   Hexes and Translocations.
   Companions: Summonings and Necromancy.
 x - an amulet of guardian spirit
 G - an amulet of the acrobat
Wands
 d - a wand of mindburst (48)
 n - a wand of paralysis (7)
 E - a wand of iceblast (4)
 I - a wand of flame (12)
 J - a wand of quicksilver (9)
Scrolls
 b - 3 scrolls of poison
 c - a scroll of silence
 f - 2 scrolls of fog
 h - a scroll of immolation
 k - a scroll of blinking
 l - 4 scrolls of fear
 o - 2 scrolls of teleportation
 s - 4 scrolls of enchant weapon
 t - a scroll of amnesia
 u - 3 scrolls of enchant armour
Potions
 e - 3 potions of attraction
 m - a potion of curing
 p - 3 potions of might
 w - 2 potions of mutation
 A - a potion of ambrosia
 B - a potion of haste
 C - 2 potions of heal wounds
 D - a potion of cancellation
 F - 2 potions of magic
 H - a potion of brilliance
 K - a potion of flight


   Skills:
 - Level 7.7(9.3) Fighting
 + Level 2.4(7.3) Axes
 - Level 9.9(11.5) Maces & Flails
 - Level 2.0 Ranged Weapons
 - Level 6.9(8.4) Armour
 - Level 4.0(5.4) Dodging
 - Level 1.0(1.9) Spellcasting
 - Level 3.0(4.3) Hexes


You had 11 spell levels left.
You knew the following spells:

 Your Spells              Type           Power      Damage    Failure   Level
a - Slow                  Hex            48%        N/A       94%         1

Your spell library contained the following spells:

 Spells                   Type           Power      Damage    Failure   Level
 Magic Dart               Conj           4%         1d3       100%        1
 Shock                    Conj/Air       4%         1d3       100%        1
 Call Imp                 Summ           2%         N/A       100%        2
 Static Discharge         Conj/Air       2%         2-3/arc   100%        2
 Inner Flame              Hex/Fire       7%         N/A       100%        3
 Mephitic Cloud           Conj/Pois/Air  1%         N/A       100%        3
 Portal Projectile        Hex/Tloc       14%        N/A       100%        3
 Swiftness                Air            1%         N/A       100%        3
 Vhi's Electric Charge    Tloc/Air       2%         N/A       100%        3
 Airstrike                Air            0%         2d(1-17)  100%        4
 Cause Fear               Hex            6%         N/A       100%        4
 Summon Lightning Spire   Summ/Air       1%         N/A       100%        4
 Arcjolt                  Conj/Air       0%         1d10      100%        5
 Plasma Beam              Fire/Air       0%         2x1d11    100%        6


Dungeon Overview and Level Annotations

Branches:
Dungeon (8/15)             Temple (0/1) D:6           Sewer (visited)
   Lair: D:8-11

Altars:
Ashenzari
Gozag
Ru
Zin
The Shining One

Shops:
D:2 :


Message History

As you read the scroll of blinking, it crumbles to dust.
The ice encasing you melts away.
You feel much better. The rime drake breathes ice at you.
The icy flash freeze hits you!!
* * * LOW HITPOINT WARNING * * *
You are encased in ice.
A red film seems to cover your vision as you go berserk!
You feel yourself moving faster!
You feel mighty! The wolf bites you but does no damage.
The gargoyle hits you with a +0 dire flail.
* * * LOW HITPOINT WARNING * * *
The wolf bites you but does no damage.
The rime drake bites you but does no damage.
You barely miss the rime drake.
The rime drake is severely wounded.
You slash the gargoyle! You freeze the gargoyle. You slash the wolf!
You freeze the wolf.
You kill the wolf!
The gargoyle hurls a stone arrow at you.
The stone arrow hits you.
* * * LOW HITPOINT WARNING * * *
The rime drake bites you.
* * * LOW HITPOINT WARNING * * *
Your base Axes skill increases to level 1!
You slash the rime drake! You freeze the rime drake.
You kill the rime drake!
You slash the gargoyle! You freeze the gargoyle.
The gargoyle barely misses you.
Your base Axes skill increases to level 2!
You closely miss the gargoyle.
The gargoyle is severely damaged.
The ice encasing you melts away.
The gargoyle hits you with a +0 dire flail!
* * * LOW HITPOINT WARNING * * *
You hit the gargoyle. You freeze the gargoyle.
The gargoyle is almost destroyed.
The gargoyle hurls a stone arrow at you.
The stone arrow hits you!!
You die...

## #......# .#
#......######## * *
.#########......#....... *
...........))...#.......
.#########......#......$....
...## #.).....#...........
##..### #[#######...........
###...###.# ###...........
.)....##..# #.@9.........#
#.........# #.††..........#
#.........# #.............#
#.).......# ##.............
..........# ##......#####.##,
........(.###....#..##....# ,
................##.#......# ,
#.......##................#
,,
#######.......#..............
, ,


You could see a gargoyle.

Vanquished Creatures
  A rime drake (D:8)
  Grinder (D:3)
  2 wyverns
  2 yaks (D:8)
  A steam dragon (D:8)
  Menkaure (D:5)
  Duvessa (D:6)
  2 black bears
  An ice beast (D:7)
  An orc warrior (D:7)
  2 ogres (D:6)
  A wolf (D:8)
  A centaur (D:5)
  A phantom (D:5)
  Blork the orc (D:5)
  3 bullfrogs
  2 scorpions (D:5)
  5 wights (D:8)
  Dowan (D:6)
  A jelly (D:5)
  3 orc priests
  8 hounds
  Crazy Yiuf (D:5)
  2 gnoll boudas
  2 orc wizards (D:6)
  Ijyb (D:5)
  5 iguanas
  Robin (D:3)
  11 gnolls
  14 adders
  2 river rats (Sewer)
  A white imp (D:7)
  An ufetubus (D:4)
  2 worms
  A dart slug (D:1)
  19 orcs
  7 bats
  5 endoplasms
  6 giant cockroaches
  17 goblins
  9 hobgoblins
  9 jackals
  4 quokkas
  19 ball pythons
  5 frilled lizards
  6 kobolds
  30 rats
222 creatures vanquished.

Notes
Turn   | Place    | Note
-------+----------+-------------------------------------------
     0 | D:1      | FallenXxXSky the Human Hexslinger began the quest for the
                  | Orb.
     0 | D:1      | Reached XP level 1. HP: 15/15 MP: 2/2
    77 | D:1      | Reached XP level 2. HP: 21/22 MP: 3/3
   371 | D:1      | Found a faded altar of an unknown god.
   425 | D:1      | Prayed at the altar of an unknown god.
   425 | D:1      | Became a worshipper of Ashenzari the Shackled
  1084 | D:2      | Reached XP level 3. HP: 17/28 MP: 4/4
  1188 | D:2      | Found Ifugh's Book Shop.
  1294 | D:2      | Reached skill level 1 in Maces & Flails
  1440 | D:2      | Reached XP level 4. HP: 34/35 MP: 5/5
  2083 | D:3      | Noticed Robin
  2086 | D:3      | Reached skill level 2 in Maces & Flails
  2114 | D:3      | Killed Robin
  2202 | D:3      | Reached XP level 5. HP: 40/41 MP: 6/6
  2396 | D:3      | Reached * piety under Ashenzari
  2488 | D:3      | Reached skill level 3 in Maces & Flails
  2608 | D:3      | Noticed Grinder
  2639 | D:3      | Paralysed by Grinder for 3 turns
  2643 | D:3      | Killed Grinder
  2644 | D:3      | Reached skill level 5 in Maces & Flails
  2644 | D:3      | Reached XP level 6. HP: 29/48 MP: 8/8
  2649 | D:3      | Found a glowing golden altar of the Shining One.
  2757 | D:3      | Found a glowing silver altar of Zin.
  2835 | D:4      | Noticed a wyvern
  2923 | D:4      | Reached XP level 7. HP: 45/53 MP: 9/9
  3023 | D:4      | Reached skill level 6 in Maces & Flails
  3078 | D:4      | Killed a wyvern
  3178 | D:4      | Reached ** piety under Ashenzari
  3207 | D:4      | Found a sacrificial altar of Ru.
  3327 | D:4      | Reached skill level 7 in Maces & Flails
  3338 | D:4      | Reached skill level 1 in Armour
  3342 | D:4      | Reached XP level 8. HP: 56/61 MP: 10/10
  3892 | D:5      | Entered Level 5 of the Dungeon
  3992 | D:4      | HP: 3/62 [poisoned by a gnoll]
  4589 | D:5      | Noticed Menkaure
  4594 | D:5      | Killed Menkaure
  4595 | D:5      | Reached skill level 5 in Fighting
  4595 | D:5      | Reached skill level 8 in Maces & Flails
  4837 | D:5      | Reached XP level 9. HP: 65/69 MP: 11/11
  4983 | D:5      | Found a runed translucent door.
  4983 | D:5      | Noticed Ijyb
  4986 | D:5      | Paralysed by Ijyb for 3 turns
  4993 | D:5      | Noticed Crazy Yiuf
  4999 | D:5      | Killed Ijyb
  5014 | D:5      | Killed Crazy Yiuf
  5171 | D:5      | Noticed Blork the orc
  5183 | D:5      | Killed Blork the orc
  5288 | D:6      | Found a glowing drain.
  5308 | Sewer    | Entered a sewer
  5711 | D:6      | Found an opulent altar of Gozag.
  5763 | D:6      | Reached skill level 5 in Armour
  5856 | D:6      | Found a staircase to the Ecumenical Temple.
  6067 | D:6      | Noticed Dowan
  6068 | D:6      | Reached skill level 9 in Maces & Flails
  6070 | D:6      | Noticed Duvessa
  6078 | D:6      | Killed Dowan
  6080 | D:6      | Killed Duvessa
  6692 | D:7      | Reached XP level 10. HP: 54/80 MP: 12/12
  6884 | D:7      | Reached *** piety under Ashenzari
  8092 | D:8      | Noticed a rime drake
  8093 | D:8      | Noticed a gargoyle
  8109 | D:8      | Reached skill level 1 in Axes
  8109 | D:8      | Killed a rime drake
  8110 | D:8      | HP: 5/124 [gargoyle/+0 dire flail (8)]
  8111 | D:8      | Killed from afar by a gargoyle

Illustrated notes

Levels and vault maps discovered:
D:1:      onia_arrival_pyramid, layout_basic, basic_ecumenical_altar
D:2:      layout_loops_ring, serial_shops, nicolae_shop_trees,
          dreamdust_wishing_well
D:3:      layout_loops_ring, tso_altar, zin_treasury, hex_tiny, uniq_grinder,
          uniq_robin
D:4:      corexii_shack_village, layout_cave_pods, mainiacjoe_overflow_catwalk,
          st_stairs_7
D:5:      layout_rooms, minmay_pentangle, uniq_crazy_yiuf_cottage, uniq_ijyb,
          uniq_menkaure, uniq_blork_the_orc
D:6:      layout_loops_ring, nicolae_gozag_cash_rules_everything_around_me,
          minmay_temple_entry_ruins, portal_sewer_entry_f, uniq_duvessa
D:7:      layout_basic
D:8:      layout_rooms, hellmonk_lair_entry_icy

Skill      XL: |  1  2  3  4  5  6  7  8  9 10 |
---------------+-------------------------------+-----
Fighting       | 2 3 5 6 7 |  7.7
Maces & Flails | 1 2 5 7 8 9 |  9.9
Armour         | 1 3 5 6 |  6.9
Dodging        | 4 |  4.0
Axes           | 2 |  2.4
Ranged Weapons | |  2.0
Spellcasting   | |  1.0
Hexes          | |  3.0

Action                     |  1- 3 |  4- 6 |  7- 9 | 10-12 || total
---------------------------+-------+-------+-------+-------++-------
  Melee: Whip              |    23 |   116 |   395 |   118 ||   652
         Punch             |     1 |       |     5 |     4 ||    10
         Battleaxe         |       |       |       |    10 ||    10
   Fire: Sling             |    65 |    11 |       |       ||    76
   Cast: Slow              |     2 |       |       |       ||     2
 Invoke: Curse Item        |       |     2 |     3 |     1 ||     6
         Shatter the Chain |       |       |     1 |       ||     1
  Evoke: Wand              |       |     2 |     3 |       ||     5
    Use: Potion            |       |     2 |       |     3 ||     5
         Scroll            |       |       |       |     1 ||     1
 Armour: Robe              |    18 |       |       |       ||    18
         Ring mail         |       |    38 |     7 |       ||    45
         Plate armour      |       |       |   242 |    84 ||   326
  Dodge: Dodged            |    35 |    53 |    63 |    30 ||   181
